 Dungeon Crawl Stone Soup version 0.23.2-40-g277498a (webtiles) character file.

Game seed: 1141591627626753778

89 Aphrodieselac the Charmwright (level 4, -3/33 HPs)
             Began as a Merfolk Skald on Oct 3, 2019.
             Slain by a gnoll (6 damage)
             ... on level 3 of the Dungeon.
             The game lasted 00:06:19 (1944 turns).

Aphrodieselac the Charmwright (Merfolk Skald)       Turns: 1944, Time: 00:06:19

Health: -3/33      AC:  3    Str: 11    XL:     4   Next: 55%
Magic:  0/7        EV: 12    Int: 13    God:
Gold:   71         SH:  0    Dex: 13    Spells: 2/7 levels left

rFire    . . .     SeeInvis .   a - +0 spear
rCold    . . .     Gourm    .   (no shield)
rNeg     . . .     Faith    .   b - +0 leather armour
rPois    .         Spirit   .   (no helmet)
rElec    .         Reflect  .   (no cloak)
rCorr    .         Harm     .   (no gloves)
MR       .....                  (no boots)
Stlth    +.........             (no amulet)
HPRegen  0.11/turn              (no ring)
MPRegen  0.10/turn              (no ring)

@: singing (expiring)
A: change form in water, swift swim, stealthy swim
a: no special abilities


You were on level 3 of the Dungeon.
You were not hungry.

You visited 1 branch of the dungeon, and saw 3 of its levels.

You collected 71 gold pieces.

Inventory:

Hand Weapons
 a - a +0 spear (weapon)
Missiles
 l - 30 sling bullets
Armour
 b - a +0 leather armour (worn)
Scrolls
 g - a scroll of enchant armour {unknown}
 h - a scroll of enchant weapon {unknown}
 j - 2 scrolls of identify {unknown}
 k - a scroll of teleportation {unknown}
 m - a scroll of immolation {unknown}
Potions
 c - 4 potions of curing {unknown}
 e - 2 potions of degeneration {unknown}
 f - a potion of lignification {unknown}
 i - a potion of haste {unknown}
Comestibles
 d - 4 rations


   Skills:
 - Level 2.1 Fighting
 + Level 4.5 Polearms
 - Level 0.6 Armour
 - Level 2.6 Dodging
 - Level 2.0 Spellcasting
 * Level 5.0 Charms


You had 2 spell levels left.
You knew the following spells:

 Your Spells              Type           Power        Failure   Level  Hunger
a - Infusion              Chrm           ##..         4%          1    ##.....
b - Song of Slaying       Chrm           ##......     6%          2    ###....
c - Shroud of Golubria    Chrm/Tloc      #.........   19%         2    ###....

Your spell library contained the following spells:

 Spells                   Type           Power        Failure   Level  Hunger
 Regeneration             Chrm/Necr      #.........   34%         3    ####...
 Spectral Weapon          Hex/Chrm       #.......     34%         3    ####...


Dungeon Overview and Level Annotations

Branches:
Dungeon (3/15)

Altars:

Annotations:
D:2 Sigmund


Message History

Aim: a gnoll You reach to attack!
You hit the gnoll.
The gnoll is lightly wounded.
You hit the gnoll.
The gnoll is lightly wounded.
The gnoll hits you.
* * * LOW HITPOINT WARNING * * *
You hit the gnoll.
The gnoll is moderately wounded.
The gnoll misses you.
You completely miss the gnoll.
The gnoll is moderately wounded.
The gnoll hits you.
* * * LOW HITPOINT WARNING * * *
You barely miss the gnoll.
The gnoll is moderately wounded.
You are no longer magically infusing your attacks.
Your song is almost over.
The gnoll hits you.
You die...

... #.......# #.#
#.########. ...
#....J..####.# #.#..[.# #.
#...g........# #.#.##.# #.
#......####### #.#..#.# #.
#..g...# #.#<.#.# #.
#...[g.# #.####.###.
#......# #.[......#.
#......##################)
#.....oJg@................
###..).###################
#....# #....# #...## ###.#
###.## #....# #....#


You could see a gnoll, an ooze and an orc.

Vanquished Creatures
  2 gnolls (D:3)
  An adder (D:3)
  An ooze (D:3)
  A worm (D:2)
  2 leopard geckos (D:1)
  4 orcs (D:3)
  3 bats
  A giant cockroach (D:1)
  4 goblins
  5 hobgoblins
  6 jackals (D:1)
  2 ball pythons
  3 frilled lizards
  4 kobolds
  9 rats
48 creatures vanquished.

Notes
Turn   | Place    | Note
-------+----------+-------------------------------------------
     0 | D:1      | Aphrodieselac the Merfolk Skald began the quest for the
                  | Orb.
     0 | D:1      | Reached XP level 1. HP: 16/16 MP: 3/3
   362 | D:1      | Reached XP level 2. HP: 20/22 MP: 0/5
   383 | D:1      | Learned a level 2 spell: Song of Slaying
   386 | D:1      | Learned a level 2 spell: Shroud of Golubria
   520 | D:1      | Reached skill level 4 in Charms
   605 | D:1      | Reached XP level 3. HP: 27/27 MP: 6/6
   979 | D:2      | Noticed Sigmund
  1497 | D:3      | Reached XP level 4. HP: 27/33 MP: 7/7
  1939 | D:3      | Reached skill level 5 in Charms
  1944 | D:3      | Slain by a gnoll

Skill      XL: |  1  2  3  4 |
---------------+-------------+-----
Charms         | 4 5 |  5.0
Polearms       | 4 |  4.5
Fighting       | |  2.1
Armour         | |  0.6
Dodging        | |  2.6
Spellcasting   | |  2.0

Action                   |  1- 3 |  4- 6 || total
-------------------------+-------+-------++-------
Melee: Spear             |   194 |    39 ||   233
 Cast: Infusion          |     5 |     2 ||     7
       Song of Slaying   |       |     1 ||     1
  Eat: Chunk             |     2 |     2 ||     4
Armor: Leather armour    |    24 |     6 ||    30
Dodge: Dodged            |   100 |    13 ||   113
